 Dungeon Crawl Stone Soup version 0.31.0-12-g77e489cdc1 (webtiles) character file.

Game seed: 12114567589782554386

370 n00bmints the Chopper (level 6, -3/72 (78) HPs)
             Began as a Minotaur Gladiator on Feb 15, 2024.
             Slain by a sky beast (6 damage)
             ... on level 7 of the Dungeon.
             The game lasted 00:17:22 (2757 turns).

n00bmints the Chopper (Minotaur Gladiator)          Turns: 2757, Time: 00:17:22

HP:   -3/72 (78)    AC: 23    Str: 21    XL:     6   Next: 42%
MP:   5/5           EV:  2    Int:  5    God:
Gold: 139           SH:  0    Dex: 11    Spells: 5/5 levels left

rFire   . . .        a - +0 war axe (freeze)
rCold   . . .        (no shield)
rNeg    . . .        i - melded +0 scale mail
rPois   +            c - melded +0 hat
rElec   .            (cloak currently unavailable)
rCorr   .            (gloves currently unavailable)
SInv    .            (boots currently unavailable)
Will    .....        (no amulet)
Stlth   +            (no ring)
HPRegen 0.32/turn    (no ring)
MPRegen 0.09/turn

%: no passive effects
@: tree-form, weak-willed, drained
A: stationary, stasis, torment immunity, boosted hp, (horns 2), (retaliatory
headbutt)
a: no special abilities


You were on level 7 of the Dungeon.
You were a tree.
You visited 1 branch of the dungeon, and saw 5 of its levels.

You collected 139 gold pieces.

Inventory:

Hand Weapons
 a - a +0 war axe of freezing (weapon)
Missiles
 d - 3 throwing nets (quivered)
 e - a javelin
Armour
 b - a +0 leather armour
 c - a +0 hat (melded)
 i - a +0 scale mail (melded)
 n - the +1 cloak of Lowadgh {Int+4 Dex+4 Slay-3}
   (You found it on level 4 of the Dungeon)

   Int+4:     It affects your intelligence (+4).
   Dex+4:     It affects your dexterity (+4).
   Slay-3:    It affects your accuracy & damage with ranged weapons and melee
   (-3).
Jewellery
 h - a ring of resist corrosion
Wands
 k - a wand of iceblast (10)
 o - a wand of flame (21)
Potions
 f - a potion of attraction {unknown}
 g - a potion of lignification
 j - a potion of haste {unknown}


   Skills:
 + Level 3.9 Fighting
 + Level 6.3 Axes
 + Level 2.1 Throwing
 + Level 3.6 Armour
 + Level 4.2 Dodging
 + Level 0.4 Stealth


You had 5 spell levels left.
You didn't know any spells.
Your spell library was empty.

Dungeon Overview and Level Annotations

Branches:
Dungeon (4/15)
 Temple: D:4-7

Altars:


Innate Abilities, Weirdness & Mutations

You are a tree.
Your roots penetrate the ground, keeping you stationary.
You cannot be teleported.
You are immune to unholy pain and torment.
Your maximum health is greatly increased.
Your equipment is partially melded.
((You have a pair of horns on your head.))
((You reflexively headbutt those who attack you in melee.))


Message History

The wight hits you from afar with a +0 spear.
* * * LOW HITPOINT WARNING * * *
You turn into a tree.
Your +0 hat melds into your body.
Your +0 scale mail melds into your body.
Your roots penetrate the ground.
The sky beast flickers out of sight!
Deactivating autopickup; reactivate with Ctrl-A.
The wight hits you but does no damage. The wight barely misses you.
You cannot move.
You cannot move.
You cannot move.
You cannot move.
You cannot move.
The wight hits you from afar with a +0 spear.
* * * LOW HITPOINT WARNING * * *
You feel drained.
An orc comes into view. It is wielding a +0 club.
The wight hits you with a +0 mace.
* * * LOW HITPOINT WARNING * * *
The orc hits you but does no damage.
The orc shouts!
The wight hits you from afar with a +0 halberd.
* * * LOW HITPOINT WARNING * * *
The wight hits you but does no damage. x2; The orc hits you with a +0 flail.
* * * LOW HITPOINT WARNING * * *
As you read the scroll of vulnerability, it crumbles to dust.
A wave of despondency washes over your surroundings.
A sky beast appears from thin air!
Reactivating autopickup.
The wight hits you from afar with a +0 halberd.
* * * LOW HITPOINT WARNING * * *
The wight hits you but does no damage. x2; The orc hits you but does no damage.
You hit the wight.
The wight is lightly damaged.
You barely miss the orc. You barely miss the sky beast.
The sky beast flickers out of sight!
Deactivating autopickup; reactivate with Ctrl-A.
Something hits you.
* * * LOW HITPOINT WARNING * * *
Something shocks you.
You die...

.###..oo. .... ...
$................. ... ...
.........###..... ##..
#.##.................
#.o.###.#.........?#####.##
#.#o#.....#...... #.
####....o.......... #. .
........###zo..###### .. .
......?..oo§z♣....... .. .
...........z{....###. ... #
.............##### ... .
.......#..#### ..$.........
#######...### #.....
....... ....(...


You could see 3 wights and 4 orcs.

Vanquished Creatures
  Pargi (D:4)
  A phantom (D:4)
  An orc priest (D:3)
  Ijyb (D:3)
  6 adders
  3 dart slugs
  A ribbon worm (D:2)
  3 orcs (D:3)
  6 ball pythons
  5 endoplasms
  A giant cockroach (D:3)
  10 goblins
  2 hobgoblins
  10 jackals
  7 quokkas
  5 bats
  2 frilled lizards
  3 kobolds
  6 rats
74 creatures vanquished.

Notes
Turn   | Place    | Note
-------+----------+-------------------------------------------
     0 | D:1      | n00bmints the Minotaur Gladiator began the quest for the
                  | Orb.
     0 | D:1      | Reached XP level 1. HP: 18/18 MP: 0/0
   104 | D:1      | Reached XP level 2. HP: 23/25 MP: 1/1
   451 | D:1      | Reached skill level 4 in Axes
   645 | D:1      | Reached XP level 3. HP: 30/30 MP: 2/2
   946 | D:2      | Reached skill level 1 in Armour
  1324 | D:2      | Reached XP level 4. HP: 37/38 MP: 3/3
  1776 | D:3      | Noticed Ijyb
  1783 | D:3      | Killed Ijyb
  2434 | D:3      | Reached skill level 5 in Axes
  2434 | D:3      | Reached XP level 5. HP: 38/45 MP: 4/4
  2569 | D:4      | Noticed a phantom
  2580 | D:4      | Killed a phantom
  2654 | D:4      | Reached XP level 6. HP: 52/52 MP: 5/5
  2670 | D:4      | Identified the +1 cloak of Lowadgh {Int+4 Dex+4 Slay-3}
  2678 | D:4      | Noticed Pargi
  2686 | D:4      | Killed Pargi
  2687 | D:4      | Reached skill level 6 in Axes
  2696 | D:4      | You fall into a shaft and drop 3 floors!
  2741 | D:7      | Noticed a sky beast
  2757 | D:7      | HP: 3/72 [something (1)]
  2757 | D:7      | Slain by a sky beast

Illustrated notes

Levels and vault maps discovered:
D:1:      co_arrival_square_in_a_square_in_a_square, layout_basic
D:2:      layout_basic
D:3:      layout_basic, uniq_ijyb
D:4:      layout_basic, mainiacjoe_overflow_alcove_2,
          nzn_hepliaklqana_mist_gate, lexackson_kobold_supper, uniq_pargi
D:7:      layout_rooms

Skill      XL: |  1  2  3  4  5  6 |
---------------+-------------------+-----
Axes           | 4 5 6 |  6.3
Dodging        | 4 |  4.2
Armour         | 1 2 3 |  3.6
Fighting       | 3 |  3.9
Throwing       | |  2.1
Stealth        | |  0.4

Action                     |  1- 3 |  4- 6 || total
---------------------------+-------+-------++-------
  Melee: War axe           |    96 |    71 ||   167
         Headbutt          |    10 |     5 ||    15
         Punch             |     1 |     2 ||     3
    Use: Potion            |     3 |     1 ||     4
         Scroll            |       |     9 ||     9
 Armour: Leather armour    |    30 |       ||    30
         Scale mail        |    55 |    45 ||   100
         Skin              |       |    13 ||    13
  Dodge: Dodged            |   100 |    54 ||   154
